 Dungeon Crawl Stone Soup version 0.29-a0-322-g68df515428 (webtiles) character file.

Game seed: 16822376975610860103

98 Alarak the Chopper (level 4, -6/40 HPs)
             Began as a Hill Orc Monk on Apr 8, 2022.
             Killed by divine providence
             ... invoked by an orc priest
             ... summoned by a hobgoblin
              (12 damage)
             ... on level 3 of the Dungeon.
             The game lasted 00:03:55 (3046 turns).

Alarak the Chopper (Hill Orc Monk)                  Turns: 3046, Time: 00:03:55

Health: -6/40      AC:  8    Str: 15    XL:     4   Next: 71%
Magic:  4/4        EV:  7    Int: 10    God:
Gold:   99         SH:  0    Dex: 13    Spells: 3/3 levels left

rFire   . . .      SeeInvis .   a - +0 hand axe
rCold   . . .      Faith    .   (no shield)
rNeg    . . .      Spirit   .   q - +0 chain mail
rPois   .          Reflect  .   (no helmet)
rElec   .          Harm     .   (no cloak)
rCorr   .          Rampage  .   (no gloves)
Will    .....                   (no boots)
Stlth   ..........              (no amulet)
HPRegen 0.13/turn               (no ring)
MPRegen 0.09/turn               (no ring)

@: confused, ambrosia-drunk
A: no striking features
a: no special abilities


You were on level 3 of the Dungeon.
You visited 1 branch of the dungeon, and saw 3 of its levels.

You collected 99 gold pieces.

Inventory:

Hand Weapons
 a - a +0 hand axe (weapon)
Armour
 q - a +0 chain mail (worn)
Magical Staves
 n - a staff of earth
Scrolls
 b - a scroll of amnesia {unknown}
 d - 2 scrolls of identify {unknown}
 f - a scroll of blinking {unknown}
 h - 2 scrolls of teleportation {unknown}
 o - 3 scrolls of fear {unknown}
 p - a scroll of holy word {unknown}
Potions
 e - 2 potions of heal wounds {unknown}
 g - a potion of might {unknown}
 j - 2 potions of curing {unknown}
 k - a potion of attraction {unknown}
 l - a potion of haste {unknown}


   Skills:
 + Level 4.2 Fighting
 + Level 5.6 Axes
 + Level 2.1 Armour
 - Level 2.5 Dodging
 - Level 1.7 Stealth


You had 3 spell levels left.
You didn't know any spells.
Your spell library contained the following spells:

 Spells                   Type           Power      Damage    Failure   Level
 Magic Dart               Conj           0%         1d3       100%        1
 Call Imp                 Summ           0%         N/A       100%        2
 Mephitic Cloud           Conj/Pois/Air  0%         N/A       100%        3


Dungeon Overview and Level Annotations

Branches:
Dungeon (3/15)

Altars:
Elyvilon

Shops:
D:1 !


Message History

You are too injured to fight recklessly!
You are too injured to fight recklessly!
You are too injured to fight recklessly!
You are too injured to fight recklessly!
You are too injured to fight recklessly!
You are too injured to fight recklessly!
You are too injured to fight recklessly!
You are too injured to fight recklessly!
Sorry, you're not good enough to have a special ability.
Okay, then.
The orc priest attacks as you move away!
The orc priest hits you with a +0 dagger.
The orc priest begins to cast a cantrip, but forgets the words!
You slash the goblin!
You kill the goblin!
The goblin's corpse dissolves into shadows!
The orc priest invokes the aid of Beogh against you.
Beogh smites you!
* * * LOW HITPOINT WARNING * * *
You barely miss the hobgoblin. The hobgoblin barely misses you.
Sorry, you're not good enough to have a special ability.
You closely miss the hobgoblin. You hit the orc priest.
The orc priest hits you but does no damage.
The hobgoblin hits you but does no damage.
A rat comes into view.
You hit the hobgoblin.
The hobgoblin is moderately wounded.
You hit the orc priest. The orc priest barely misses you.
The hobgoblin hits you but does no damage.
You hit the hobgoblin.
The hobgoblin is heavily wounded.
You barely miss the orc priest. The orc priest barely misses you.
The hobgoblin hits you.
* * * LOW HITPOINT WARNING * * *
Sorry, you're not good enough to have a special ability.
You are confused.
You feel invigorated.
The orc priest invokes the aid of Beogh against you.
Beogh smites you!
You die...

#.##.#... ########
#.##.#.#. ........#
#........ #.#.#.#.#
#......#. ........#
#........ ....⌠...##
#......#. ._.......#
#......#.
....⌠..oo#########.#######
.....roSg@.........#
#.#o#.#g####.#######
...$.# #.# ..o##### #.#
##o #.# .. #.# . #.# ..#
...


You could see an orc priest (summoned), 3 orcs, a hobgoblin, a goblin
(summoned), a ball python (summoned) and a rat.

Vanquished Creatures
  3 adders (D:2)
  A worm (D:2)
  A dart slug (D:1)
  6 orcs
  7 ball pythons
  3 endoplasms
  8 giant cockroaches
  7 goblins
  5 hobgoblins
  6 jackals (D:1)
  A quokka (D:2)
  A bat (D:2)
  2 frilled lizards (D:1)
  2 rats
53 creatures vanquished.

Notes
Turn   | Place    | Note
-------+----------+-------------------------------------------
     0 | D:1      | Alarak the Hill Orc Monk began the quest for the Orb.
     0 | D:1      | Reached XP level 1. HP: 19/19 MP: 1/1
   389 | D:1      | Reached XP level 2. HP: 3/27 MP: 2/2
   390 | D:1      | HP: 1/27 [jackal (2)]
   797 | D:1      | Found Gidol's Distillery.
  1145 | D:1      | Reached XP level 3. HP: 33/33 MP: 3/3
  1540 | D:2      | Reached skill level 1 in Armour
  1768 | D:2      | Reached skill level 5 in Axes
  1846 | D:2      | Reached XP level 4. HP: 25/40 MP: 4/4
  2211 | D:2      | Found a faded altar of an unknown god.
  3029 | D:3      | Found a white marble altar of Elyvilon.
  3046 | D:3      | Killed from afar by an orc priest

Illustrated notes

Levels and vault maps discovered:
D:1:      matt_arrival_diagonals, layout_loops_ring, serial_shops,
          nicolae_shop_hallway_plus, minmay_misc_feat_enclosed,
          minmay_misc_feat_diagonals
D:2:      layout_basic, shapermc_ecumenical_altar_pompeii
D:3:      layout_loops_ring, elyvilon_altar_5

Skill      XL: |  1  2  3  4 |
---------------+-------------+-----
Fighting       | 4 |  4.2
Armour         | 1 2 |  2.1
Axes           | 5 |  5.6
Dodging        | |  2.5
Stealth        | |  1.7

Action                   |  1- 3 |  4- 6 || total
-------------------------+-------+-------++-------
Melee: Hand axe          |   153 |    80 ||   233
       Punch             |       |     1 ||     1
  Use: Potion            |       |     1 ||     1
 Stab: Sleeping          |     2 |     1 ||     3
Armor: Leather armour    |    23 |       ||    23
       Robe              |     1 |       ||     1
       Ring mail         |    21 |    13 ||    34
       Chain mail        |       |    14 ||    14
Dodge: Dodged            |   114 |    34 ||   148

Table legend: (Time is in decaauts)
 A = Elapsed time spent in this place.
 B = Non-inter-level travel time spent in this place.
 C = Inter-level travel time spent in this place.
 D = Time resting spent in this place.
 E = Time spent auto-exploring this place.
 F = Levels seen in this place.
 G = Mean time per level.
                   A        B        C        D        E       F      G
               +--------+--------+--------+--------+--------+-----+--------+
         Total |   3059 |   2874 |    185 |    913 |   1489 |   3 | 1019.7 |
       Dungeon |   3059 |   2874 |    185 |    913 |   1489 |   3 | 1019.7 |
               +--------+--------+--------+--------+--------+-----+--------+

Top non-repeatable levels by time:
     D:1: 1535 daAuts
     D:2: 1177 daAuts
     D:3: 346 daAuts
